 Dungeon Crawl Stone Soup version 0.18.1-48-g4cf74bf (webtiles) character file.

943 tagomago the Arsonist (level 8, -7/57 HPs)
             Began as a Hill Orc Fire Elementalist on July 7, 2016.
             Was an Initiate of Kikubaaqudgha.
             Mangled by Prince Ribbit (14 damage)
             ... on level 5 of the Dungeon.
             The game lasted 00:26:05 (7290 turns).

tagomago the Arsonist (Hill Orc Fire Elementalist)  Turns: 7290, Time: 00:26:05

Health: -7/57      AC:  6    Str: 16    XL:     8   Next: 12%
Magic:  11/11      EV: 12    Int: 16    God:    Kikubaaqudgha [......]
Gold:   100        SH:  0    Dex: 12    Spells: 3 memorised, 5 levels left

rFire  . . .     SeeInvis .     w - -1 war axe (curse)
rCold  + . .     Gourm    .     a - +0 robe
rNeg   . . .     Faith    .     (no shield)
rPois  .         Spirit   .     (no helmet)
rElec  .         Dismiss  .     f - +2 cloak
rCorr  .         Reflect  .     (no gloves)
SustAt .         Harm     .     n - +0 pair of boots
MR     .....                    (no amulet)
Stlth  ++........               (no ring)
                                q - ring of protection from cold

@: mighty, not resistant to hostile enchantments, unstealthy
A: no striking features
a: Renounce Religion


You were on level 5 of the Dungeon.
You worshipped Kikubaaqudgha.
Kikubaaqudgha was noncommittal.
You were not hungry.

You visited 2 branches of the dungeon, and saw 7 of its levels.

You collected 163 gold pieces.
You spent 63 gold pieces at shops.

Inventory:

Hand Weapons
 j - a +0 spear
 u - a +1 whip of flaming
 w - a cursed -1 war axe (weapon)
Armour
 a - a +0 robe (worn)
 f - a +2 cloak (worn)
 n - a +0 pair of boots (worn)
Jewellery
 k - a cursed ring of teleportation {unknown}
 q - a ring of protection from cold (left hand)
Wands
 s - a wand of paralysis (15/24)
Scrolls
 d - 2 scrolls of remove curse {unknown}
 g - a scroll of enchant weapon {unknown}
 h - 3 scrolls of noise {unknown}
 m - a scroll of blinking {unknown}
 r - a scroll of random uselessness {unknown}
 t - a scroll of identify
Potions
 i - a potion of cancellation {unknown}
 o - a potion of flight {unknown}
 x - a potion of heal wounds {unknown}
Books
 b - a book of Flames

   Spells                             Type                      Level
   a - Flame Tongue                   Conjuration/Fire             1
   b - Throw Flame                    Conjuration/Fire             2
   c - Conjure Flame                  Conjuration/Fire             3
   d - Inner Flame                    Hexes/Fire                   3
   e - Sticky Flame                   Conjuration/Fire             4
   f - Fireball                       Conjuration/Fire             5
Comestibles
 l - a beef jerky
 p - 2 fruits
 v - a royal jelly


   Skills:
 * Level 1.0(1.1) Axes
 - Level 0.4(0.7) Maces & Flails
 - Level 1.5 Dodging
 - Level 1.5 Stealth
 * Level 2.1 Spellcasting
 - Level 1.0 Conjurations
 * Level 10.1 Fire Magic


You had 5 spell levels left.
You knew the following spells:

 Your Spells              Type           Power        Failure   Level  Hunger
a - Flame Tongue          Conj/Fire      ###..        1%          1    #......
b - Throw Flame           Conj/Fire      ###...       3%          2    ###....
c - Conjure Flame         Conj/Fire      ###.....     8%          3    ###....


Dungeon Overview and Level Annotations

Branches:
Dungeon (6/15)             Temple (1/1) D:4

Altars:
Ashenzari
Cheibriados
Dithmenos
Elyvilon
Fedhas
Gozag
Kikubaaqudgha
Nemelex Xobeh
Okawaru
Pakellas
Qazlal
Ru
Sif Muna
Xom
Yredelemnul
Zin
The Shining One

Shops:
D:4 (

Annotations:
D:5 Prince Ribbit
D:6 Menkaure


Message History

Drink which item? (? for menu, Esc to quit)
You feel very mighty all of a sudden.
The crimson imp blinks!
The centaur skeleton closely misses you.
You slash the centaur skeleton!
The centaur skeleton closely misses you.
The centaur skeleton barely misses you.
You slash the centaur skeleton!
You destroy the centaur skeleton!
Prince Ribbit hits you!
* * * LOW HITPOINT WARNING * * *
You closely miss Prince Ribbit. Prince Ribbit closely misses you.
Prince Ribbit hits you.
* * * LOW HITPOINT WARNING * * *
Drink which item? (? for menu, Esc to quit)
You feel better. Prince Ribbit hits you!
* * * LOW HITPOINT WARNING * * *
The crimson imp blinks!
Prince Ribbit hits you!
You die...
Kikubaaqudgha rasps: "You have failed me!
Welcome... death!"

########
#......##########
####.####5.ยง..F@...#
..........########.#
..........# #.#
####......# #.#####
#.....#.## #.....#
#.##.##.# #####.# ..
... #.# ####.#### .
.... #.# #.......#
.#.# #.# #..#.##.#


You could see Prince Ribbit and a crimson imp.

Vanquished Creatures
  The ghost of WhyteDragon the Skirmisher, an amateur DsFi (D:4)
  A sky beast (D:5)
  An ogre (D:3)
  Blork the orc (D:4)
  A giant frog (D:5)
  A scorpion (D:4)
  A crimson imp (D:5)
  An orc priest (D:5)
  A centaur skeleton (D:5)
  A hound (D:5)
  A jelly (D:5)
  Ijyb (D:2)
  4 worker ants
  A hound zombie (D:3)
  5 adders
  A shadow imp (D:5)
  6 worms
  A dart slug (D:2)
  2 giant geckos (D:3)
  9 orcs
  A ball python (D:2)
  11 bats
  A giant cockroach (D:3)
  7 goblins
  6 hobgoblins
  14 jackals
  3 quokkas
  A giant gecko skeleton (D:4)
  2 giant newts
  13 kobolds
  A quokka skeleton (D:5)
  8 rats
109 creatures vanquished.

Notes
Turn   | Place    | Note
--------------------------------------------------------------
     0 | D:1      | tagomago the Hill Orc Fire Elementalist began the quest for the Orb.
     0 | D:1      | Reached XP level 1. HP: 14/14 MP: 3/3
   643 | D:1      | Reached XP level 2. HP: 19/20 MP: 0/4
   683 | D:1      | Reached skill level 4 in Fire Magic
  1274 | D:2      | Reached XP level 3. HP: 4/26 MP: 0/5
  1406 | D:2      | Learned a level 2 spell: Throw Flame
  1998 | D:2      | Reached skill level 5 in Fire Magic
  2062 | D:2      | Reached XP level 4. HP: 18/33 MP: 0/6
  2231 | D:2      | Noticed Ijyb
  2285 | D:2      | Killed Ijyb
  2422 | D:2      | Found an iron altar of Okawaru.
  2851 | D:2      | Reached skill level 6 in Fire Magic
  2959 | D:3      | Reached XP level 5. HP: 37/38 MP: 7/7
  2999 | D:3      | Found a shattered altar of Ashenzari.
  3165 | D:3      | Noticed an ogre
  3180 | D:3      | Killed an ogre
  3180 | D:3      | Reached skill level 7 in Fire Magic
  3540 | D:3      | Reached XP level 6. HP: 45/45 MP: 6/8
  3545 | D:3      | Learned a level 3 spell: Conjure Flame
  3825 | D:4      | Noticed WhyteDragon's ghost (amateur DsFi)
  4610 | D:4      | Killed WhyteDragon's ghost
  4610 | D:4      | Reached skill level 8 in Fire Magic
  4675 | D:4      | Reached XP level 7. HP: 38/50 MP: 4/9
  5680 | D:4      | Noticed Blork the orc
  5689 | D:5      | Entered Level 5 of the Dungeon
  5689 | D:5      | Noticed Prince Ribbit
  5694 | D:5      | Reached skill level 9 in Fire Magic
  5700 | D:6      | Noticed Menkaure
  6851 | D:4      | Killed Blork the orc
  6853 | D:4      | Found Muist's Antique Weapon Boutique.
  6856 | D:4      | Bought a war axe for 63 gold pieces
  6894 | D:4      | Reached XP level 8. HP: 54/57 MP: 5/11
  6993 | D:4      | Found a staircase to the Ecumenical Temple.
  7000 | Temple   | Entered the Ecumenical Temple
  7014 | Temple   | Became a worshipper of Kikubaaqudgha
  7101 | D:5      | Reached skill level 1 in Axes
  7101 | D:5      | Reached skill level 10 in Fire Magic
  7290 | D:5      | Mangled by Prince Ribbit

Skill      XL: |  1  2  3  4  5  6  7  8 |
---------------+-------------------------+-----
Fire Magic     | 4 5 6 7 8 9 10 | 10.1
Spellcasting   | 2 |  2.1
Axes           | 1 |  1.0
Maces & Flails | |  0.4
Dodging        | |  1.5
Stealth        | |  1.5
Conjurations   | |  1.0

Action                   |  1- 3 |  4- 6 |  7- 9 || total
-------------------------+-------+-------+-------++-------
Melee: Unarmed           |    94 |       |       ||    94
       Spear             |       |   109 |    95 ||   204
       Whip              |       |       |    85 ||    85
       War axe           |       |       |    70 ||    70
 Cast: Flame Tongue      |    53 |    62 |    60 ||   175
       Throw Flame       |       |    16 |       ||    16
       Conjure Flame     |       |     1 |       ||     1
  Use: Scroll            |       |     4 |       ||     4
       Potion            |       |     2 |     3 ||     5
 Stab: Sleeping          |       |     1 |     1 ||     2
       Distracted        |       |     1 |     1 ||     2
  Eat: Bread ration      |     1 |     1 |       ||     2
       Chunk             |     1 |     5 |       ||     6
       Fruit             |       |     3 |     5 ||     8
       Meat ration       |       |       |     1 ||     1
Armor: Robe              |    65 |    41 |    96 ||   202
       Skin              |       |    12 |       ||    12
Dodge: Dodged            |    88 |   126 |   183 ||   397
